 Seeded DCSS version 0.28-a0-1412-gf95308ed99 (webtiles) character file.

Game seed: 11949628902922632575 (custom seed)

534 flotson the Ducker (level 7, -29/54 HPs)
             Began as a Demonspawn Gladiator on Jan 6, 2022.
             Killed from afar by Ijyb (37 damage)
             ... with a bolt of acid
             ... on level 4 of the Dungeon.
             The game lasted 00:06:12 (4147 turns).

flotson the Ducker (Demonspawn Gladiator)           Turns: 4147, Time: 00:06:13

Health: -29/54     AC: 14    Str: 12    XL:     7   Next: 4%
Magic:  16/16      EV: 11    Int: 13    God:
Gold:   130        SH:  0    Dex: 14    Spells: 6/6 levels left

rFire   . . .      SeeInvis .   a - +0 quarterstaff
rCold   . . .      Faith    .   (shield currently unavailable)
rNeg    . . .      Spirit   .   k - +5 chain mail of Gebbok {Harm MP+9 Str-4 Int+3}
rPois   .          Reflect  .   c - +0 helmet
rElec   .          Harm     +   (no cloak)
rCorr   .          Rampage  .   (no gloves)
Will    .....                   (no boots)
Stlth   ..........              (no amulet)
HPRegen 0.18/turn               (no ring)
MPRegen 0.15/turn               (no ring)

@: agile, studying Transmutations
A: claws 2, hooves 1, foul stench 1, powered by pain 1
a: no special abilities


You were on level 4 of the Dungeon.
You visited 1 branch of the dungeon, and saw 4 of its levels.

You collected 204 gold pieces.
You spent 74 gold pieces at shops.

Inventory:

Hand Weapons
 a - a +0 quarterstaff (weapon)
 b - a +0 vorpal hunting sling
 d - a +0 war axe
Missiles
 e - 35 sling bullets
 h - 33 poisoned darts (quivered)
 l - 3 datura-tipped darts
Armour
 c - a +0 helmet (worn)
 k - the +5 chain mail of Gebbok (worn) {Harm MP+9 Str-4 Int+3}
   (You found it on level 2 of the Dungeon)

   Str:       It affects your strength (-4).
   Int:       It affects your intelligence (+3).
   MP:        It affects your magic capacity (+9).
   Harm:      It increases damage dealt and taken.
Wands
 v - a wand of flame (17)
Scrolls
 g - 3 scrolls of identify {unknown}
 n - a scroll of torment {unknown}
 o - a scroll of vulnerability {unknown}
 s - a scroll of enchant weapon {unknown}
 t - a scroll of magic mapping {unknown}
 u - a scroll of summoning {unknown}
 w - a scroll of immolation {unknown}
Potions
 f - a potion of mutation {unknown}
 i - 4 potions of curing {unknown}
 j - a potion of attraction {unknown}
 m - 2 potions of cancellation {unknown}
 p - a potion of degeneration {unknown}
 q - a potion of haste {unknown}


   Skills:
 + Level 4.1 Fighting
 + Level 4.3 Axes
 + Level 3.8 Throwing
 + Level 4.3 Dodging


You had 6 spell levels left.
You didn't know any spells.
Your spell library was empty.

Dungeon Overview and Level Annotations

Branches:
Dungeon (4/15)
 Temple: D:4-7

Altars:
Hepliaklqana

Shops:
D:2 :===(   D:4 =*=

Annotations:
D:4 Ijyb


Innate Abilities, Weirdness & Mutations

You have very sharp fingernails.
You have large cloven feet.
You may rarely emit foul miasma when damaged in melee.
You sometimes gain a little power by taking damage.


Message History

As you open the door, it creaks loudly!
You hear a shout!
There is an open door here.
Ijyb the Twisted Goblin comes into view.
She is wielding a +4 club, wearing a +3 scale mail of willpower and carrying a wand of acid (9).
Ijyb shouts!
a - a +0 quarterstaff (weapon)
Ijyb hits you but does no damage.
You hit Ijyb. You kick Ijyb, but do no damage.
Ijyb is lightly wounded.
Ijyb hits you with a +4 club.
You hit Ijyb. You kick Ijyb, but do no damage.
Ijyb is lightly wounded.
Ijyb zaps a wand.
The bolt of acid misses you.
You hit Ijyb.
Ijyb is moderately wounded.
Ijyb completely misses you. Ijyb hits you but does no damage.
You hit Ijyb. Your kick misses Ijyb.
Ijyb is heavily wounded.
Ijyb hits you but does no damage.
You hit Ijyb. You kick Ijyb, but do no damage.
Ijyb is heavily wounded.
Ijyb hits you with a +4 club.
Throw: throwing net
Press: ? - help, Q - select action, (/) - cycle Shift-Dir - straight line, f - Ijyb
Aim: Ijyb, wielding a +4 club, wearing a +3 scale mail of willpower and carrying a wand of acid (8) (heavily wounded, 58% to hit)
You throw a throwing net. The throwing net hits Ijyb.
Ijyb is caught in the net!
Ijyb is heavily wounded.
Ijyb zaps a wand.
The bolt of acid hits you!!
Ouch! That really hurt!
* * * LOW HITPOINT WARNING * * *
You focus on the pain.
You feel agile all of a sudden.
Ijyb struggles against the net.
You hit Ijyb but do no damage. You kick Ijyb, but do no damage.
Ijyb is heavily wounded.
You hit Ijyb. You kick Ijyb, but do no damage.
Ijyb is severely wounded.
Ijyb zaps a wand.
The bolt of acid hits you!!
Ouch! That really hurt!
You die...

...........##...........#..###...
...........##.............## #...
.....[....###.......<...#.###....
..........###..........###.......
.......................# .......
.......<...##..........# #.......
...........##....####............
..........###....###..... ......8
..........##..##@....... ......
........####'####g..###. ...8..
........#.......##..# ......
.....#.##.......##.... .....>
.....#.'.........+ ##... #..#....
###.####.........# .###. ##...
#+# #...........# ....# ##.#
###.......### .....##...
#+#...#+# ##......


You could see Ijyb (caught).

Vanquished Creatures
  Sigmund (D:3)
  A necrophage (D:4)
  2 scorpions
  A centaur skeleton (D:4)
  Jessica (D:2)
  6 adders
  An adder skeleton (D:4)
  A worm (D:3)
  2 dart slugs
  5 orcs (D:4)
  7 ball pythons
  3 bats
  3 giant cockroaches
  6 goblins
  3 hobgoblins
  2 quokkas
  A frilled lizard (D:1)
  7 kobolds
  4 rats
57 creatures vanquished.

Vanquished Creatures (collateral kills)
  A kobold (D:3)
1 creature vanquished.

Grand Total: 58 creatures vanquished

Notes
Turn   | Place    | Note
-------+----------+-------------------------------------------
     0 | D:1      | flotson the Demonspawn Gladiator began the quest for the
                  | Orb.
     0 | D:1      | Reached XP level 1. HP: 16/16 MP: 1/1
   548 | D:1      | Discovered your monstrous ancestry.
   548 | D:1      | Gained mutation: You have sharp fingernails. [demonic
                  | ancestry]
   548 | D:1      | Reached XP level 2. HP: 21/22 MP: 2/2
  1058 | D:2      | Reached XP level 3. HP: 25/28 MP: 3/3
  1192 | D:2      | Found Nokhlire's Jewellery Emporium.
  1285 | D:2      | Noticed a shining eye
  1298 | D:2      | Noticed a floating eye
  1300 | D:2      | Found a faded altar of an unknown god.
  1302 | D:2      | Noticed a great orb of eyes
  1302 | D:2      | Noticed a golden eye
  1328 | D:2      | Found Riclepsi's Book Emporium.
  1341 | D:2      | Found Ivoypsax's Jewellery Boutique.
  1344 | D:2      | Identified the +5 chain mail of Gebbok {Harm MP+9 Str-4
                  | Int+3}
  1516 | D:2      | Found Togi's Weapon Boutique.
  1522 | D:2      | Bought 3 datura-tipped darts for 16 gold pieces
  1522 | D:2      | Bought a +0 vorpal hunting sling for 58 gold pieces
  1659 | D:2      | Noticed Jessica
  1661 | D:2      | Killed Jessica
  1662 | D:2      | Gained mutation: You have very sharp fingernails. [demonic
                  | ancestry]
  1662 | D:2      | Reached XP level 4. HP: 34/34 MP: 4/4
  2006 | D:2      | Found Rung's Jewellery Emporium.
  2143 | D:3      | Noticed a scorpion
  2162 | D:3      | Killed a scorpion
  2163 | D:3      | Gained mutation: You sometimes gain a little power by
                  | taking damage. [demonic ancestry]
  2163 | D:3      | Reached XP level 5. HP: 20/41 MP: 5/5
  2252 | D:3      | Noticed Sigmund
  2536 | D:3      | Killed Sigmund
  2537 | D:3      | Gained mutation: You have large cloven feet. [demonic
                  | ancestry]
  2537 | D:3      | Reached XP level 6. HP: 15/47 MP: 6/6
  3410 | D:4      | Found Gir Dem's Jewellery Emporium.
  3449 | D:4      | Found Suru Gue's General Store.
  3514 | D:4      | Found a hazy altar of Hepliaklqana.
  3656 | D:4      | Found Luakyobb's Jewellery Emporium.
  3994 | D:4      | Gained mutation: You may rarely emit foul miasma when
                  | damaged in melee. [demonic ancestry]
  3994 | D:4      | Reached XP level 7. HP: 51/54 MP: 7/7
  4137 | D:4      | Noticed Ijyb
  4147 | D:4      | Killed from afar by Ijyb

Illustrated notes

Levels and vault maps discovered:
D:1:      nzn_arrival_water_spiral, layout_loops_ring, minmay_misc_feat_x
D:2:      layout_basic, hellmonk_ecumenical_altar_watching_god, serial_shops,
          shop, nicolae_shop_crystal, nicolae_shop_crystal, shop,
          nicolae_shop_bloodbath_and_beyond, minmay_misc_feat_tiny,
          minmay_pentomino_z4, uniq_jessica
D:3:      layout_basic, uniq_sigmund
D:4:      nicolae_cairo_tiling_very_big, layout_layer_cave,
          mainiacjoe_overflow_alcove_1, mainiacjoe_overflow_alcove_4,
          serial_shops, nicolae_square_shop, shop, nicolae_stop_n_shop_1,
          uniq_ijyb

Skill      XL: |  1  2  3  4  5  6 |
---------------+-------------------+-----
Throwing       | 2 3 |  3.8
Axes           | 3 4 |  4.3
Dodging        | 3 4 |  4.3
Fighting       | 3 4 |  4.1

Action                   |  1- 3 |  4- 6 |  7- 9 || total
-------------------------+-------+-------+-------++-------
Melee: War axe           |    57 |     9 |       ||    66
       Quarterstaff      |       |    66 |     7 ||    73
       Kick              |       |    13 |     5 ||    18
 Fire: Hunting sling     |    18 |    50 |     2 ||    70
Throw: Throwing net      |     1 |     2 |     1 ||     4
       Dart              |       |     6 |       ||     6
 Stab: Sleeping          |     1 |       |       ||     1
       Held in net/web   |       |     1 |       ||     1
Armor: Leather armour    |    27 |       |       ||    27
       Chain mail        |     8 |    75 |     3 ||    86
Dodge: Dodged            |    46 |    18 |     2 ||    66

Table legend: (Time is in decaauts)
 A = Elapsed time spent in this place.
 B = Non-inter-level travel time spent in this place.
 C = Inter-level travel time spent in this place.
 D = Time resting spent in this place.
 E = Time spent auto-exploring this place.
 F = Levels seen in this place.
 G = Mean time per level.
                   A        B        C        D        E       F      G
               +--------+--------+--------+--------+--------+-----+--------+
         Total |   4195 |   4062 |    133 |    152 |   3385 |   4 | 1048.8 |
       Dungeon |   4195 |   4062 |    133 |    152 |   3385 |   4 | 1048.8 |
               +--------+--------+--------+--------+--------+-----+--------+

Top non-repeatable levels by time:
     D:2: 1297 daAuts
     D:3: 1289 daAuts
     D:4: 806 daAuts
     D:1: 801 daAuts
